 Dungeon Crawl Stone Soup version 0.18-a0-1748-g7377c14 (webtiles) character file.

10826 nono the Covert (level 11, -7/62 HPs)
             Began as a Vine Stalker Enchanter on Apr 12, 2016.
             Was a Follower of Ashenzari.
             Engulfed by an ice statue's freezing vapour (15 damage)
             ... in an ice cave.
             The game lasted 01:03:44 (9739 turns).

nono the Covert (Vine Stalker Enchanter)            Turns: 9739, Time: 01:03:45

Health: -7/62      AC:  9    Str: 15    XL:     11   Next: 68%
Magic:  0/18       EV: 12    Int: 22    God:    Ashenzari [*.....]
Gold:   219        SH:  0    Dex: 16    Spells: 4 memorised, 9 levels left

rFire  . . .     SeeInvis .     I - +2 dagger (drain) (curse)
rCold  . . .     Gourm    .     i - +3 leather armour {rPois}
rNeg   . . .     Faith    .     (no shield)
rPois  +         Spirit   +     (no helmet)
rElec  .         Dismiss  .     P - +0 cloak {rPois}
rCorr  .         Reflect  .     y - +0 pair of gloves
SustAt .         Harm     .     e - +0 pair of boots
MR     ++...                    H - amulet of Vitality {Regen+ HP+15}
Stlth  ++++++....               G - ring "Boivealo" {MR+ Slay+2}
                                U - +4 ring of intelligence

@: mighty, very resistant to hostile enchantments, very stealthy
A: fangs 3, regeneration 2, magic shield, antimagic bite, no device heal 3, rot
immunity
a: Curse Item, Scrying, Renounce Religion


You were in an ice cave.
You worshipped Ashenzari.
Ashenzari was aware of your devotion.
You were not hungry.

You visited 2 branches of the dungeon, and saw 11 of its levels.
You also visited: Ice Cave.

You collected 834 gold pieces.
You spent 615 gold pieces at shops.

Inventory:

Hand Weapons
 a - a +1 dagger
 t - a +0 dagger of chaos
 I - a cursed +2 dagger of draining (weapon)
 R - the +7 rapier of the Briny Deep {venom, +Blink rElec Str-5 Int-2}
   (You took it off a vampire on level 9 of the Dungeon)

   It poisons the flesh of those it strikes.
   It affects your strength (-5).
   It affects your intelligence (-2).
   It insulates you from electricity.
   It lets you blink.
Armour
 b - a +1 robe
 e - a +0 pair of boots (worn)
 i - a +3 leather armour of poison resistance (worn)
 y - a +0 pair of gloves (worn)
 P - a +0 cloak of poison resistance (worn)
Jewellery
 p - an uncursed ring of fire
 G - the ring "Boivealo" (right hand) {MR+ Slay+2}
   (You found it on level 6 of the Dungeon)

   [ring of protection from magic]

   It affects your accuracy and damage with ranged weapons and melee attacks
   (+2).
   It affects your resistance to hostile enchantments.
 H - the amulet of Vitality (around neck) {Regen+ HP+15}
   (You bought it in a shop on level 4 of the Dungeon)

   [amulet of regeneration]

   It affects your health (+15).
   It increases your rate of regeneration.
 J - an uncursed ring of see invisible
 Q - an uncursed amulet of magic regeneration
 T - an uncursed ring of stealth
 U - a +4 ring of intelligence (left hand)
Wands
 w - a wand of polymorph (10/24)
 N - a wand of iceblast (10/15)
Scrolls
 m - a scroll of amnesia
 o - 2 scrolls of remove curse
 q - 2 scrolls of fog
 r - a scroll of identify
 v - 2 scrolls of teleportation {unknown}
 x - 3 scrolls of recharging {unknown}
 A - 2 scrolls of enchant armour {unknown}
 B - 2 scrolls of random uselessness {unknown}
 C - a scroll of fear {unknown}
 E - a scroll of noise {unknown}
 M - a scroll of magic mapping {unknown}
 O - a scroll of torment {unknown}
Potions
 f - a potion of mutation
 g - 5 potions of curing
 h - 5 potions of haste
 j - 2 potions of degeneration
 l - 2 potions of flight
 n - 2 potions of might
 s - 4 potions of lignification
 u - a potion of magic
 z - a potion of brilliance
 D - 2 potions of agility
Books
 c - a book of Maledictions

   Spells                             Type                      Level
   a - Corona                         Hexes                        1
   b - Ensorcelled Hibernation        Hexes/Ice                    2
   c - Confuse                        Hexes                        3
   d - Tukima's Dance                 Hexes                        3
   e - Dazzling Spray                 Conjuration/Hexes            3
 F - a book of Death

   Spells                             Type                      Level
   a - Corpse Rot                     Necromancy                   2
   b - Sublimation of Blood           Necromancy                   2
   c - Agony                          Necromancy                   5
   d - Dispel Undead                  Necromancy                   5
   e - Excruciating Wounds            Charms/Necromancy            5
   f - Bolt of Draining               Conjuration/Necromancy       5
Comestibles
 d - 9 bread rations
 k - 7 meat rations
 K - 3 beef jerkies
 L - 6 slices of pizza


   Skills:
 + Level 7.6 Short Blades
 - Level 1.5 Dodging
 * Level 14.4 Stealth
 - Level 4.0 Spellcasting
 * Level 11.4 Hexes


You had 9 spell levels left.
You knew the following spells:

 Your Spells              Type           Power        Failure   Level  Hunger
a - Ensorcelled Hibernat  Hex/Ice        ####..       1%          2    #......
b - Corona                Hex            ######.      1%          1    None
c - Confuse               Hex            ######..     1%          3    ###....
d - Dazzling Spray        Conj/Hex       ####....     4%          3    ###....


Dungeon Overview and Level Annotations

Branches:
Dungeon (10/15)            Temple (0/1) D:7            Lair (1/8) D:10
    Orc: D:9-12

Altars:
Ashenzari
Elyvilon
Fedhas
Gozag
Kikubaaqudgha
Okawaru
Pakellas
Qazlal
Sif Muna
Trog
Vehumet
Xom
Yredelemnul
The Shining One

Shops:
D:4 =   D:5 !   D:7 [   D:8 :   D:9 =

Annotations:
IceCv exclusion: 2 ice statues


Innate Abilities, Weirdness & Mutations

You have razor-sharp teeth.
You heal very quickly.
When hurt, damage is shared between your health and your magic reserves.
Your bite disrupts and absorbs the magic of your enemies.
Potions and wands cannot restore your health.
You are immune to rotting.


Message History

The ice statue is severely damaged.
The ice statue gestures at you.
You completely miss the ice statue. You bite the ice statue.
The ice statue's magic leaks into the air.
You drain its magic.
You feel invigorated.
The ice statue is severely damaged.
You are engulfed in freezing vapours.
The ice statue glitters chillingly in the dim dungeon light.
The ice statue falters for a moment.
The ice statue gestures.
You hit the ice statue but do no damage.
The ice statue is severely damaged.
The ice statue gestures at you. The freezing blast engulfs you!
You are engulfed in freezing vapours.
* * * LOW HITPOINT WARNING * * *
Read which item? (? for menu, Esc to quit)
Okay, then.
You are engulfed in freezing vapours.
You die...

#...## ###..#..#...#
######..# ###.####..#
..#..#.## #####..## ...#...#
#..## ...##### ####..## #.##
##8#§...#8# ###
###§§§.......#
#.§§§..§Y.....#
###.§@§§.§.......#
#................. ###
###................
###.#####..#..............#
###..#..#...####...........##
#...#.#...### ###........
..######.## ##.... ### ###
..## #


You could see an ice statue and an ice beast.

Vanquished Creatures
  A cyclops (D:9)
  Maurice (D:8)
  A rime drake (Lair:1)
  A komodo dragon (Lair:1)
  A troll (D:9)
  A vampire (D:9)
  A human (D:7)
  11 yaks
  A basilisk (Lair:1)
  2 hungry ghosts
  A steam dragon (D:8)
  2 insubstantial wisps (D:8)
  The ghost of dobroeutro the Shield-Bearer, an amateur GrFi of Okawaru (D:4)
  5 sky beasts
  15 ice beasts
  3 orc warriors
  5 ogres
  An eye of draining (D:9)
  3 phantoms
  4 centaurs
  Blork the orc (D:5)
  2 giant frogs
  A gnoll sergeant (D:9)
  3 scorpions
  14 killer bees
  8 wights (D:7)
  A howler monkey (D:5)
  A centaur zombie (D:9)
  7 crimson imps
  A jelly (D:5)
  A giant frog zombie (D:8)
  6 hounds
  9 orc priests
  2 giant frog skeletons
  A gnoll shaman (D:8)
  3 iguanas
  Ijyb (D:2)
  Terence (D:2)
  Natasha (twice) (D:2)
  9 orc wizards
  8 worker ants
  2 killer bee zombies
  4 sheep (D:7)
  A hound skeleton (D:3)
  A hound zombie (D:8)
  A worker ant zombie (D:10)
  A howler monkey skeleton (D:7)
  11 gnolls
  12 adders
  4 river rats (D:10)
  4 shadow imps
  11 white imps (Lair:1)
  2 oozes
  2 adder skeletons
  3 giant geckos
  61 orcs
  5 ball pythons
  18 bats
  4 giant cockroaches
  5 goblins
  5 hobgoblins
  10 jackals
  4 quokkas
  A giant gecko zombie (D:6)
  7 giant newts
  A jackal skeleton (D:7)
  5 kobolds
  10 rats
338 creatures vanquished.

Vanquished Creatures (others)
  13 fungi (D:10)
  A plant (D:8)
14 creatures vanquished.

Grand Total: 352 creatures vanquished

Notes
Turn   | Place    | Note
--------------------------------------------------------------
     0 | D:1      | nono the Vine Stalker Enchanter began the quest for the Orb.
     0 | D:1      | Reached XP level 1. HP: 9/9 MP: 4/4
    25 | D:1      | Reached skill level 1 in Short Blades
   104 | D:1      | Reached XP level 2. HP: 13/13 MP: 6/6
   220 | D:1      | You fall through a shaft!
   233 | D:2      | Noticed Ijyb
   240 | D:2      | Learned a level 2 spell: Ensorcelled Hibernation
   325 | D:2      | Killed Ijyb
   325 | D:2      | Reached skill level 4 in Stealth
   325 | D:2      | Reached XP level 3. HP: 9/16 MP: 1/7
   367 | D:2      | Found a bloodstained altar of Trog.
   489 | D:2      | Noticed Terence
   496 | D:2      | Learned a level 3 spell: Confuse
   513 | D:2      | Killed Terence
   513 | D:2      | Reached XP level 4. HP: 18/21 MP: 3/9
   606 | D:2      | Noticed Natasha
   615 | D:2      | Killed Natasha
   635 | D:2      | Reached XP level 5. HP: 24/24 MP: 10/10
   693 | D:2      | Found an ancient bone altar of Kikubaaqudgha.
   946 | D:2      | Noticed Natasha
   965 | D:2      | Killed Natasha
  1327 | D:3      | Found a shimmering altar of Xom.
  1347 | D:3      | Reached skill level 5 in Stealth
  1489 | D:3      | Gained mutation: You heal very quickly. [Vine Stalker growth]
  1489 | D:3      | Reached XP level 6. HP: 28/28 MP: 7/12
  2136 | D:3      | Reached XP level 7. HP: 32/32 MP: 8/14
  2407 | D:4      | Noticed dobroeutro's ghost (amateur GrFi)
  2419 | D:4      | Killed dobroeutro's ghost
  2419 | D:4      | Reached skill level 6 in Stealth
  2461 | D:4      | Got a slimy flail
  2463 | D:4      | Identified the cursed +2 flail "Vine's Death" {drain, +Blink MR- MP+9} (You found it on level 4 of the Dungeon)
  2468 | D:4      | Found a basalt altar of Yredelemnul.
  2553 | D:4      | Found a radiant altar of Vehumet.
  2689 | D:4      | Found a glowing golden altar of the Shining One.
  2703 | D:4      | Reached skill level 5 in Hexes
  2802 | D:4      | Found Launky's Jewellery Shop.
  2967 | D:4      | Found an iron altar of Okawaru.
  2967 | D:4      | Found a white marble altar of Elyvilon.
  3108 | D:5      | Entered Level 5 of the Dungeon
  3155 | D:5      | Noticed Blork the orc
  3157 | D:5      | Killed Blork the orc
  3157 | D:5      | Reached skill level 7 in Stealth
  3167 | D:5      | Noticed a hungry ghost
  3179 | D:5      | Killed a hungry ghost
  3179 | D:5      | Gained mutation: You have razor-sharp teeth. [Vine Stalker growth]
  3179 | D:5      | Reached XP level 8. HP: 36/36 MP: 15/15
  3569 | D:5      | Reached skill level 8 in Stealth
  3808 | D:5      | Found Ireur's Distillery.
  4054 | D:5      | Reached skill level 9 in Stealth
  4115 | D:4      | Found an oddly glowing altar of Pakellas.
  4115 | D:4      | Found a shattered altar of Ashenzari.
  4123 | D:4      | Became a worshipper of Ashenzari the Shackled
  4413 | D:5      | Reached XP level 9. HP: 39/39 MP: 3/16
  4843 | D:6      | Identified the ring "Boivealo" {MR+ Slay+2}
  4929 | D:7      | Found an opulent altar of Gozag.
  5069 | D:4      | Bought the amulet of Vitality {Regen+ HP+15} for 370 gold pieces
  5179 | D:7      | Reached skill level 5 in Short Blades
  5228 | D:7      | Reached skill level 10 in Stealth
  5842 | D:7      | Found a staircase to the Ecumenical Temple.
  5893 | D:7      | Reached skill level 11 in Stealth
  5970 | D:7      | Found Naxki's Armour Emporium.
  6136 | D:7      | Reached XP level 10. HP: 44/44 MP: 0/17
  6348 | D:8      | Found a blossoming altar of Fedhas.
  6750 | D:8      | Reached skill level 12 in Stealth
  6836 | D:8      | Noticed Maurice
  6873 | D:8      | Found a deep blue altar of Sif Muna.
  6880 | D:8      | Killed Maurice
  7185 | D:8      | Found Plog's Book Shop.
  7378 | D:9      | Noticed a cyclops
  7386 | D:9      | Killed a cyclops
  7424 | D:9      | Reached skill level 10 in Hexes
  7426 | D:9      | Reached skill level 13 in Stealth
  7593 | D:9      | Reached XP level 11. HP: 47/47 MP: 8/18
  7785 | D:9      | Found a stormy altar of Qazlal.
  7858 | D:9      | Identified the +7 rapier of the Briny Deep {venom, +Blink rElec Str-5 Int-2} (You took it off a vampire on level 9 of the Dungeon)
  8024 | D:9      | Identified the +6 broad axe "Butoil" {holy, Str+2} (You took it off an orc on level 9 of the Dungeon)
  8025 | D:9      | Reached * piety under Ashenzari
  8338 | D:9      | Found Axiepnol's Jewellery Shop.
  8603 | D:10     | Entered Level 10 of the Dungeon
  8690 | D:9      | Bought an uncursed ring of stealth for 245 gold pieces
  9027 | D:10     | Found a staircase to the Lair.
  9068 | Lair:1   | Entered Level 1 of the Lair of Beasts
  9069 | Lair:1   | Noticed a five-headed hydra
  9102 | Lair:1   | Learned a level 3 spell: Dazzling Spray
  9166 | Lair:1   | Reached skill level 14 in Stealth
  9212 | Lair:1   | Found a frozen archway.
  9312 | IceCv    | Entered an ice cave
  9739 | IceCv    | Engulfed by an ice statue's freezing vapour

Vault maps used:
D:1:      saegor_arrival_miasma
D:2:      lemuel_doored_altar, kiku_gazebo_pond_becter, first_bread,
          uniq_terence, uniq_iyjb, uniq_natasha
D:3:      led_xom_imps
D:4:      nicolae_overflow_hidden_temple, tso_oasis_becter,
          yredelemnul_altar_generic, serial_shops,
          nicolae_shop_temple_entry_statues_fountains
D:5:      serial_shops, shop, uniq_blork_the_orc
D:6:      makhleb_blood_cavern_becter
D:7:      nicolae_gozag_cash_rules_everything_around_me,
          minmay_temple_entry_steel_oval, serial_glass, glass_columns_a,
          glass_columns_a, glass_columns_a, glass_columns_b, glass_columns_b,
          glass_columns_a, glass_columns_a, glass_columns_c, glass_columns_c,
          glass_columns_b, serial_shops, nicolae_shop_stone, st_stairs_11,
          grunt_livestock
D:8:      fedhas_altar_3, kennysheep_little_box, serial_shops, shop,
          hangedman_misty_isle, uniq_maurice
D:9:      serial_shops, nicolae_shop_temple_entry_statues_fountains,
          grunt_qazlal_sundering
D:10:     grunt_lair_entry_orc_guard_hut
Lair:1:   portal_ice_cave_entry_imps, beast_lair_carwin_9, serial_bayou_shore_b,
          grunt_megastairs_3
IceCv:    ice_cave_small_dragons

Skill      XL: |  1  2  3  4  5  6  7  8  9 10 11 |
---------------+----------------------------------+-----
Short Blades   | 1 2 3 4 5 6 7 |  7.6
Stealth        | 4 5 7 9 11 13 14 | 14.4
Spellcasting   | 3 4 |  4.0
Hexes          | 4 5 7 8 10 11 | 11.4
Dodging        | |  1.5

Action                   |  1- 3 |  4- 6 |  7- 9 | 10-12 || total
-------------------------+-------+-------+-------+-------++-------
Melee: Dagger            |   122 |   155 |   312 |   607 ||  1196
       Bite              |    31 |    43 |    70 |   132 ||   276
 Cast: Ensorcelled Hiber |     4 |    17 |    96 |    85 ||   202
       Corona            |     2 |     1 |     1 |       ||     4
       Confuse           |     1 |     6 |    35 |    55 ||    97
Invok: Curse Item        |       |       |     1 |       ||     1
  Use: Scroll            |       |       |     6 |    11 ||    17
       Potion            |       |       |     1 |     2 ||     3
 Stab: Sleeping          |     4 |    19 |    62 |    45 ||   130
       Confused          |       |     1 |    13 |    26 ||    40
       Distracted        |       |       |     2 |     2 ||     4
  Eat: Chunk             |       |     6 |    14 |    17 ||    37
       Beef jerky        |       |       |     2 |       ||     2
       Pizza             |       |       |     1 |     2 ||     3
Armor: Robe              |    28 |       |       |       ||    28
       Leather armour    |     8 |    59 |   128 |   198 ||   393
Dodge: Dodged            |    57 |    76 |   168 |   249 ||   550
